 Dungeon Crawl Stone Soup version 0.29.1-2-gbd0b4ee654 (webtiles) character file.

Game seed: 3059098741498120126

215 DemonSlayer the Firebug (level 5, -1/36 HPs)
             Began as a Demonspawn Fire Elementalist on Nov 2, 2022.
             Was a Follower of Cheibriados.
             Slain by Duvessa
             ... wielding a +0 short sword
              (13 damage)
             ... on level 4 of the Dungeon.
             The game lasted 00:06:46 (4563 turns).

DemonSlayer the Firebug (DsFE)                      Turns: 4563, Time: 00:06:47

Health: -1/36      AC:  4    Str:  9 (10) XL:     5   Next: 60%
Magic:  9/9        EV: 12    Int: 28      God:    Cheibriados [*.....]
Gold:   183        SH:  4    Dex: 15      Spells: 4/10 levels left

rFire   . . .      SeeInvis .   n - +1 dagger "Peaw" {drain, rN+ Int+7}
rCold   . . .      Faith    .   (no shield)
rNeg    + . .      Spirit   .   a - +0 robe
rPois   .          Reflect  .   (no helmet)
rElec   .          Harm     .   b - +0 cloak
rCorr   .          Rampage  .   k - +0 pair of gloves
Will    .....                   (no boots)
Stlth   ++........              (no amulet)
HPRegen 0.00/turn               m - ring of flight
MPRegen 0.11/turn               (no ring)

@: flying, inhibited regen, very slow
A: claws 1, powered by death 1, large bone plates 1, deterioration 1, inhibited
regeneration
a: Renounce Religion, Bend Time


You were on level 4 of the Dungeon.
You worshipped Cheibriados.
Cheibriados was aware of your devotion.
You visited 1 branch of the dungeon, and saw 4 of its levels.

You collected 183 gold pieces.

Inventory:

Hand Weapons
 i - a +1 dagger of venom
 n - the +1 dagger "Peaw" (weapon) {drain, rN+ Int+7}
   (You found it on level 3 of the Dungeon)

   A truly terrible weapon, it drains the life of any living foe it strikes.
   Int:       It affects your intelligence (+7).
   rN:        It protects you from negative energy.
Armour
 a - a +0 robe (worn)
 b - a +0 cloak (worn)
 k - a +0 pair of gloves (worn)
Jewellery
 m - a ring of flight (left hand)
Scrolls
 c - a scroll of noise
 g - 2 scrolls of identify
Potions
 e - a potion of degeneration {unknown}
 f - a potion of curing
 h - a potion of haste {unknown}
 l - a potion of resistance {unknown}
 o - a potion of mutation


   Skills:
 + Level 0.4 Fighting
 + Level 0.6 Short Blades
 + Level 2.3 Dodging
 + Level 2.4 Stealth
 + Level 3.3 Spellcasting
 + Level 2.4 Conjurations
 + Level 3.7 Fire Magic


You had 4 spell levels left.
You knew the following spells:

 Your Spells              Type           Power      Damage    Failure   Level
a - Foxfire               Conj/Fire      88%        2x1d8     2%          1
b - Scorch                Fire           50%        2d8       2%          2
c - Conjure Flame         Conj/Fire      22%        6-21      7%          3

Your spell library contained the following spells:

 Spells                   Type           Power      Damage    Failure   Level
 Slow                     Hex            16%        N/A       9%          1
 Inner Flame              Hex/Fire       15%        N/A       11%         3
 Flame Wave               Conj/Fire      22%        2d8       22%         4
 Confusing Touch          Hex            4%         N/A       24%         3
 Vampiric Draining        Necr           4%         2d6       24%         3


Dungeon Overview and Level Annotations

Branches:
Dungeon (4/15)
 Temple: D:4-7

Altars:
Cheibriados

Shops:
D:3 [(

Annotations:
D:4 Duvessa


Innate Abilities, Weirdness & Mutations

You have sharp fingernails.
You regenerate a little health from kills.
You are partially covered in large bone plates. (SH +4)
Your body sometimes deteriorates upon taking damage.
You do not regenerate when monsters are visible.


Message History

Cheibriados appreciates the change of pace.
You hear a distant scream of rage.
Unknown command.
Your foxfire dissipates!
You fly upwards.
There is a stone staircase leading down here.
You are no longer glowing.
HP restored.
Magic restored.
Done exploring.
Done exploring.
Done exploring.
Done exploring.
You fly downwards.
There is a stone staircase leading up here.
Duvessa, Sister of Dowan comes into view.
She is wielding a +0 short sword.
Duvessa shouts!
Duvessa goes berserk!
It was a potion of mutation.
You feel extremely strange.
Your regeneration stops near monsters.
You feel yourself wasting away.
Large bone plates grow over parts of your arms.
As you read the scroll labelled GEGORU JUMIGE, it crumbles to dust.
It is a scroll of identify.
c - a scroll of noise
As you read the scroll labelled YMIMNU JANWU, it crumbles to dust.
Your body is wracked with pain!
Your body deteriorates!
You feel weakened.
Duvessa convulses!
It was a scroll of torment.
As you read the scroll labelled MACODI KINAEMN, it crumbles to dust.
Wisps of shadow whirl around you...
It was a scroll of summoning.
Duvessa misses you. x2
As you read the scroll labelled IMNEDGH IGGA, it crumbles to dust.
It is a scroll of amnesia.
Really abort (and waste the scroll)?
Okay, then.
Duvessa hits you with a +0 short sword!
* * * LOW HITPOINT WARNING * * *
Unknown command.
You feel better. Duvessa hits you with a +0 short sword!
You die...

............#
.............#
#.............#
#.........?...# #+#
#.............# ....
#.............####....
#..................$..
#........l...........#
.#...S@e..........#
#................+
##.#.....#####......#
#..(.<..[....†...>..#
#..#####.#####$.....#
#. #.# #......# # #.#
#........ #.#
#.....$.. #.#
######...


You could see Duvessa (berserk, ally target), a friendly iguana (summoned) and a
friendly ball python (summoned).

Vanquished Creatures
  A scorpion (D:4)
  Dowan (D:4)
  2 adders
  An ufetubus (D:4)
  A worm (D:2)
  3 dart slugs (D:1)
  4 orcs (D:3)
  5 ball pythons
  5 endoplasms
  4 giant cockroaches
  8 hobgoblins
  2 jackals (D:2)
  6 kobolds
  3 quokkas
  9 bats
  A frilled lizard (D:1)
  4 goblins
  A rat (D:2)
61 creatures vanquished.

Vanquished Creatures (others)
  256 foxfires
256 creatures vanquished.

Grand Total: 317 creatures vanquished

Notes
Turn   | Place    | Note
-------+----------+-------------------------------------------
     0 | D:1      | DemonSlayer the Demonspawn Fire Elementalist began the
                  | quest for the Orb.
     0 | D:1      | Reached XP level 1. HP: 13/13 MP: 3/3
   489 | D:1      | Found a faded altar of an unknown god.
   501 | D:1      | Gained mutation: You have sharp fingernails. [demonic
                  | ancestry]
   501 | D:1      | Reached XP level 2. HP: 11/19 MP: 1/5
   795 | D:1      | Learned a level 2 spell: Scorch
  1547 | D:2      | Reached XP level 3. HP: 24/24 MP: 1/6
  2799 | D:3      | Found Osyow's Weapon Boutique.
  2812 | D:3      | Identified the +1 dagger "Peaw" {drain, rN+ Int+7}
  2899 | D:3      | Gained mutation: You regenerate a little health from kills.
                  | [demonic ancestry]
  2899 | D:3      | Reached XP level 4. HP: 30/30 MP: 5/8
  3100 | D:3      | Found a snail-covered altar of Cheibriados.
  3243 | D:3      | Became a worshipper of Cheibriados the Contemplative
  3950 | D:3      | Found Jeceghoe's Armour Boutique.
  4229 | D:3      | Learned a level 3 spell: Conjure Flame
  4308 | D:4      | Noticed a scorpion
  4309 | D:4      | Noticed Dowan
  4316 | D:4      | Reached * piety under Cheibriados
  4318 | D:4      | Killed a scorpion
  4319 | D:4      | Reached XP level 5. HP: 23/36 MP: 0/9
  4501 | D:4      | Killed Dowan
  4556 | D:4      | Noticed Duvessa
  4558 | D:4      | Gained mutation: You do not regenerate when monsters are
                  | visible. [potion of mutation]
  4558 | D:4      | Gained mutation: Your body sometimes deteriorates upon
                  | taking damage. [potion of mutation]
  4558 | D:4      | Gained mutation: You are partially covered in large bone
                  | plates. (SH +4) [potion of mutation]
  4563 | D:4      | Slain by Duvessa

Illustrated notes

Levels and vault maps discovered:
D:1:      shiori_arrival_oz, layout_basic, dreamdust_ecumenical_altar_statues,
          st_stairs_5, serial_bayou_lagoon_a
D:2:      layout_loops_cross, minmay_heptomino_d4
D:3:      layout_loops_corners, mainiacjoe_overflow_surrounded_room,
          serial_shops, shop_statue, shop, chequers_hall_statues_corner_a,
          grunt_ministairs_11, nicolae_figureground_pulse
D:4:      old_forge, layout_basic, serial_shops, shop_statue, uniq_duvessa,
          uniq_menkaure, uniq_grinder

Skill      XL: |  1  2  3  4 |
---------------+-------------+-----
Dodging        | 2 |  2.3
Fire Magic     | 3 |  3.7
Stealth        | 2 |  2.4
Spellcasting   | 3 |  3.3
Conjurations   | 2 |  2.4
Fighting       | |  0.4
Short Blades   | |  0.6

Action                   |  1- 3 |  4- 6 || total
-------------------------+-------+-------++-------
Melee: Unarmed           |    11 |       ||    11
       Dagger            |    21 |    13 ||    34
 Cast: Foxfire           |   114 |    55 ||   169
       Scorch            |       |     4 ||     4
  Use: Potion            |     1 |     3 ||     4
       Scroll            |       |     4 ||     4
 Stab: Sleeping          |     2 |     1 ||     3
Armor: Robe              |     7 |    14 ||    21
Dodge: Dodged            |    30 |     9 ||    39
